 Dungeon Sprint DCSS version 0.28-a0-401-ge240ad9e29 (webtiles) character file.

Game seed: 7439884512772464934

1255 Zeld the Cleaver (level 8, 0/85 HPs)
             Began as a Minotaur Berserker on Sept 5, 2021.
             Was an Elder of Trog.
             Slain by a two-headed ogre (22 damage)
             ... in the Dungeon (Sprint IX: "|||||||||||||||||||||||||||||").
             The game lasted 00:00:45 (425 turns).

Zeld the Cleaver (Minotaur Berserker)                Turns: 425, Time: 00:00:46

Health: 0/85       AC: 13    Str: 23    XL:     8   Next: 26%
Magic:  7/7        EV: 13    Int:  7    God:    Trog [****..]
Gold:   0          SH:  0    Dex: 11    Spells: 7/7 levels left

rFire   . . .      SeeInvis .   a - +1 broad axe (freeze)
rCold   . . .      Faith    .   (no shield)
rNeg    . . .      Spirit   .   n - +1 chain mail
rPois   .          Reflect  .   (helmet restricted)
rElec   .          Harm     .   (no cloak)
rCorr   .          Rampage  .   (no gloves)
Will    .....      NoTele   +   k - +0 pair of boots
Stlth   ..........              (no amulet)
HPRegen 0.24/turn               l - +2 ring of evasion
MPRegen 0.10/turn               m - +3 ring of intelligence

@: on berserk cooldown, slowed, very slow
A: horns 2, retaliatory headbutt
a: Renounce Religion, Berserk, Trog's Hand, Brothers in Arms


You were in the Dungeon.
You worshipped Trog.
Trog was greatly pleased with you.
You visited 1 branch

Inventory:

Hand Weapons
 a - a +1 broad axe of freezing (weapon)
Armour
 k - a +0 pair of boots (worn)
 n - a +1 chain mail (worn)
Jewellery
 l - a +2 ring of evasion (left hand)
 m - a +3 ring of intelligence (right hand)
Wands
 j - a wand of acid (10)
Scrolls
 h - 2 scrolls of blinking
Potions
 c - 5 potions of curing
 d - 3 potions of heal wounds
 e - a potion of haste
 f - 4 potions of magic
 g - a potion of berserk rage
 i - a potion of invisibility


   Skills:
 * Level 12.8 Fighting
 * Level 12.8 Axes
 + Level 9.4 Armour
 + Level 8.4 Dodging


You had 7 spell levels left.
You didn't know any spells.
Your spell library was empty.

Dungeon Overview and Level Annotations

Branches:
Dungeon (1/1)

Altars:
Cheibriados
Dithmenos
Elyvilon
Fedhas
Gozag
Hepliaklqana
Kikubaaqudgha
Makhleb
Nemelex Xobeh
Okawaru
Qazlal
Ru
Sif Muna
Trog
Uskayaw
Vehumet
Wu Jian
Xom
Yredelemnul
Zin
The Shining One
Beogh
Jiyva
Lugonu


Innate Abilities, Weirdness & Mutations

You have a pair of horns on your head.
You reflexively headbutt those who attack you in melee.


Message History

You slice the wyvern!! You freeze the wyvern. Your headbutt misses the wyvern.
The wyvern is almost dead.
The wyvern closely misses you. You furiously retaliate!
You headbutt the wyvern!!
You kill the wyvern!
Trog accepts your kill.
Your Fighting skill increases to level 12!
Your Axes skill increases to level 12!
Your Armour skill increases to level 9!
Your Dodging skill increases to level 8!
You slice the yak!! You freeze the yak! Your headbutt misses the yak.
The yak is almost dead.
You barely miss the yak.
The yak is almost dead.
The yak completely misses you.
You slash the yak! You freeze the yak.
You kill the yak!
Trog accepts your kill.
You have reached level 8!
You feel agile.
You slash the wyvern! You freeze the wyvern.
The wyvern is moderately wounded.
The wyvern barely misses you.
You slice the wyvern!! You freeze the wyvern.
You kill the wyvern!
Trog accepts your kill.
You slice the two-headed ogre!! You freeze the two-headed ogre!
The two-headed ogre is severely wounded.
The two-headed ogre hits you with a +0 giant spiked club!!
* * * LOW HITPOINT WARNING * * *
The two-headed ogre closely misses you.
You hit the two-headed ogre. You freeze the two-headed ogre.
You headbutt the two-headed ogre!
The two-headed ogre is almost dead.
You hit the two-headed ogre. You freeze the two-headed ogre.
The two-headed ogre is almost dead.
You are no longer berserk.
You are exhausted.
You feel yourself slow down.
The two-headed ogre hits you with a +0 giant spiked club!!
You die... ▓▓▓▓▓▓▓▓▓▓▓▓▓▓▓▓▓▓▓▓▓▓▓▓ .....WO@.[.[.)?.'_______ ▓▓▓▓▓▓▓▓▓▓▓▓▓▓▓▓▓▓▓▓▓▓▓▓

You could see a two-headed ogre and a wraith.

Vanquished Creatures
  A two-headed ogre (D)
  2 wyverns (D)
  A yak (D)
  An ogre (D)
  A phantom (D)
  A white imp (D)
  An ufetubus (D)
  3 hobgoblins (D)
  A kobold (D)
  A jackal zombie (D)
  A rat (D)
14 creatures vanquished.

Notes
Turn   | Place    | Note
-------+----------+-------------------------------------------
     0 | D        | Zeld the Minotaur Berserker began the quest for the Orb.
     0 | D        | Reached XP level 1. HP: 19/19 MP: 0/0
     9 | D        | Reached ** piety under Trog
   132 | D        | Noticed a phantom
   132 | D        | Noticed an ogre
   135 | D        | Killed an ogre
   136 | D        | Reached XP level 2. HP: 31/31 MP: 1/1
   136 | D        | Reached XP level 3. HP: 38/38 MP: 2/2
   136 | D        | Reached XP level 4. HP: 45/45 MP: 3/3
   137 | D        | Reached *** piety under Trog
   145 | D        | Killed a phantom
   146 | D        | Reached skill level 5 in Armour
   146 | D        | Reached skill level 5 in Dodging
   146 | D        | Reached XP level 5. HP: 53/53 MP: 4/4
   337 | D        | Found a snail-covered altar of Cheibriados.
   337 | D        | Found a shadowy altar of Dithmenos.
   337 | D        | Found a white marble altar of Elyvilon.
   337 | D        | Found a blossoming altar of Fedhas.
   337 | D        | Found an opulent altar of Gozag.
   338 | D        | Found a hazy altar of Hepliaklqana.
   339 | D        | Found a viscous altar of Jiyva.
   340 | D        | Found an ancient bone altar of Kikubaaqudgha.
   341 | D        | Found a corrupted altar of Lugonu.
   342 | D        | Found a burning altar of Makhleb.
   343 | D        | Found a sparkling altar of Nemelex Xobeh.
   344 | D        | Found an iron altar of Okawaru.
   345 | D        | Found a stormy altar of Qazlal.
   346 | D        | Found a sacrificial altar of Ru.
   347 | D        | Found a shimmering blue altar of Sif Muna.
   348 | D        | Found a bloodstained altar of Trog.
   349 | D        | Found a hide-covered altar of Uskayaw.
   350 | D        | Found a radiant altar of Vehumet.
   351 | D        | Found an ornate altar of the Wu Jian Council.
   352 | D        | Found a shimmering altar of Xom.
   353 | D        | Found a basalt altar of Yredelemnul.
   354 | D        | Found a glowing silver altar of Zin.
   355 | D        | Found a glowing golden altar of the Shining One.
   408 | D        | Noticed a wraith
   408 | D        | Noticed a two-headed ogre
   408 | D        | Noticed a wyvern
   408 | D        | Noticed a yak
   408 | D        | Noticed a wyvern
   408 | D        | Noticed a two-headed ogre
   415 | D        | Killed a two-headed ogre
   415 | D        | Reached **** piety under Trog
   416 | D        | Reached XP level 6. HP: 49/70 MP: 5/5
   416 | D        | Reached XP level 7. HP: 53/75 MP: 6/6
   417 | D        | Killed a wyvern
   420 | D        | Killed a yak
   421 | D        | Reached XP level 8. HP: 50/85 MP: 7/7
   425 | D        | Slain by a two-headed ogre

Illustrated notes

Levels and vault maps discovered:
D:        linesprint [early_d, line_temple, items_1, d_10, items_2, lair_1,
          lair_end, items_3, orc_1, orc_end, items_4, d_15, swamp_1, shoals_1,
          snake_1, spider_1, d_20, vaults_1, items_5, swamp_end, shoals_end,
          snake_end, spider_end, vaults_end, d_27, items_6, zot_1, zot_end,
          crypt_end, forest_end, elf_end, slime_end, tomb_end, abyss_end,
          pan_hell_end]

Skill      XL: |  1  2  3  4  5  6  7 |
---------------+----------------------+-----
Fighting       | 6 8 11 12 | 12.8
Axes           | 7 8 11 12 | 12.8
Armour         | 4 5 8 9 |  9.4
Dodging        | 4 5 7 8 |  8.4

Action                   |  1- 3 |  4- 6 |  7- 9 || total
-------------------------+-------+-------+-------++-------
Melee: Hand axe          |    12 |    11 |       ||    23
       Headbutt          |     3 |     3 |     1 ||     7
       Broad axe         |       |     6 |    10 ||    16
Invok: Berserk           |     1 |     1 |       ||     2
Armor: Animal skin       |     1 |       |       ||     1
Dodge: Dodged            |     5 |     8 |     4 ||    17

Table legend: (Time is in decaauts)
 A = Elapsed time spent in this place.
 B = Non-inter-level travel time spent in this place.
 C = Inter-level travel time spent in this place.
 D = Time resting spent in this place.
 E = Time spent auto-exploring this place.
 F = Levels seen in this place.
 G = Mean time per level.
                   A        B        C        D        E       F      G
               +--------+--------+--------+--------+--------+-----+--------+
         Total |    430 |    430 |      0 |    315 |      0 |   1 |  430.0 |
       Dungeon |    430 |    430 |      0 |    315 |      0 |   1 |  430.0 |
               +--------+--------+--------+--------+--------+-----+--------+

Top non-repeatable levels by time:
       D: 430 daAuts
